 Dungeon Crawl Stone Soup version 0.27-a0-124-g19cb506db8 (webtiles) character file.

Game seed: 11946689354568714405

38383 shakesphere1979 the Grappler (level 13, -1/132 HPs)
             Began as a Troll Monk on Jan 25, 2021.
             Was the Champion of Qazlal.
             Succumbed to a cane toad's poison
             ... on level 6 of the Lair of Beasts.
             The game lasted 01:09:01 (16306 turns).

shakesphere1979 the Grappler (Troll Monk)          Turns: 16306, Time: 01:09:01

Health: -1/132     AC: 18    Str: 26    XL:     13   Next: 63%
Magic:  17/17      EV: 15    Int:  6    God:    Qazlal [******]
Gold:   1482       SH:  8    Dex: 18    Spells: 12/12 levels left

rFire    + . .     SeeInvis .   a - +6 rapier (elec)
rCold    . . .     Faith    .   (no shield)
rNeg     . . .     Spirit   .   J - +3 swamp dragon scales
rPois    +         Reflect  .   q - +0 hat
rElec    .         Harm     .   B - scarf {+Inv}
rCorr    .         Rampage  .   (gloves unavailable)
Will     .....                  (boots unavailable)
Stlth    +.........             (no amulet)
HPRegen  0.72/turn              l - +6 ring of dexterity
MPRegen  0.15/turn              M - ring of protection from fire

@: lethally poisoned (-1 -> -9), protected from physical damage, studying
Armour, repel missiles
A: large, unfitting armour, claws 3, regeneration 1, shaggy fur 1, tough skin 3
a: Renounce Religion, Evoke Invisibility, Upheaval, Elemental Force, Disaster
Area


You were on level 6 of the Lair of Beasts.
You worshipped Qazlal.
Qazlal was exalted by your worship.
You visited 3 branches of the dungeon, and saw 17 of its levels.
You also visited: Bailey.

You collected 1482 gold pieces.

Inventory:

Hand Weapons
 a - a +6 rapier of electrocution (weapon)
Missiles
 m - 7 atropa-tipped darts (quivered)
 n - 58 poisoned darts
 P - 8 throwing nets
Armour
 q - a +0 hat (worn)
 B - a scarf of invisibility (worn)
 J - +3 swamp dragon scales (worn)
Jewellery
 l - a +6 ring of dexterity (left claw)
 u - an uncursed ring of positive energy
 y - an uncursed ring of flight
 E - an uncursed ring of protection from cold
 M - a ring of protection from fire (right claw)
 N - a +6 ring of dexterity
 U - an uncursed ring of fire
Wands
 i - a wand of enslavement (18)
 r - a wand of paralysis (24)
 z - a wand of polymorph (35)
 C - a wand of digging (11)
 F - a wand of iceblast (13)
 H - a wand of acid (11)
Scrolls
 b - 5 scrolls of identify
 c - 4 scrolls of fog
 d - a scroll of brand weapon
 f - a scroll of enchant weapon
 g - 7 scrolls of remove curse
 p - 5 scrolls of teleportation
 v - 2 scrolls of amnesia
 w - 2 scrolls of magic mapping
 A - a scroll of enchant armour
 G - a scroll of blinking
Potions
 e - 2 potions of mutation
 h - 3 potions of might
 j - 10 potions of curing
 k - 2 potions of magic
 o - 4 potions of lignification
 s - 5 potions of haste
 t - 3 potions of heal wounds
 x - a potion of brilliance {unknown}
 I - a potion of attraction {unknown}
 L - 2 potions of ambrosia
 R - a potion of degeneration {unknown}
 T - a potion of invisibility {unknown}
 V - a potion of berserk rage
 W - 2 potions of resistance {unknown}
Books
 D - a manual of Armour
Miscellaneous
 Q - a phantom mirror


   Skills:
 + Level 9.7 Fighting
 - Level 7.0 Throwing
 - Level 5.0 Armour
 - Level 9.0 Dodging
 - Level 1.0 Stealth
 + Level 11.0 Unarmed Combat
 + Level 7.9 Invocations
 + Level 7.2 Evocations


You had 12 spell levels left.
You didn't know any spells.
Your spell library contained the following spells:

 Spells                   Type           Power        Failure   Level
 Freeze                   Ice            0%           58%         1
 Frozen Ramparts          Ice            0%           91%         3
 Ozocubu's Armour         Ice            0%           91%         3
 Hailstorm                Conj/Ice       0%           100%        4
 Summon Ice Beast         Ice/Summ       0%           100%        4


Dungeon Overview and Level Annotations

Branches:
Dungeon (10/15)            Temple (1/1) D:4            Lair (6/6) D:10
 Shoals (0/4) Lair:4        Snake (0/4) Lair:3       Bailey (visited)
  Slime: Lair:5-6       Orc: D:9-12

Altars:
Ashenzari
Cheibriados
Dithmenos
Elyvilon
Fedhas
Gozag
Hepliaklqana
Kikubaaqudgha
Makhleb
Nemelex Xobeh
Okawaru
Qazlal
Ru
Sif Muna
Trog
Uskayaw
Vehumet
Wu Jian
Xom
Yredelemnul
Zin
The Shining One

Annotations:
D:10 2 transporters
Lair:5 2 transporters, exclusions: ice statue and oklob plant, FalseProphet's ghost, journeyman MiFi


Innate Abilities, Weirdness & Mutations

You are too large for most types of armour.
You have claws for hands.
Your natural rate of healing is unusually fast.
You are covered in fur. (AC +1)
You have extremely tough skin. (AC +3)


Message History

The cane toad stings you but does no damage.
You see here 32 gold pieces.
You feel very sick.
A nearby fungus withers and dies.
The blink frog is engulfed in blazing flames.
The blink frog misses you.
The blink frog is engulfed in blazing flames.
The blink frog blinks!
You feel very sick.
You hear an angry hiss.
You feel sick.
You hear an angry hiss.
The blink frog blinks!
You feel sick. The cane toad stings you.
* * * LOW HITPOINT WARNING * * *
You feel very sick. The cane toad stings you!
* * * LOW HITPOINT WARNING * * *
There is an escape hatch in the ceiling, spattered with blood here.
You die...

### # ##########.#
...#P.#.....#.#####P.
......†.†$..F.§......
......F.<...○@°......
#.§......##...####...
####.#..###.### .
......##.##
........### ..##.....
.. ##.[.. ##..)


You could see a cane toad and a blink frog.

Vanquished Creatures
  Harold (D:7)
  2 hydras
  A catoblepas (Lair:5)
  Nergalle (D:10)
  2 unseen horrors
  The ghost of tatocazan the Covert, a novice OpBr of Wu Jian (D:7)
  An ugly thing (D:10)
  15 elephants
  8 black mambas
  A torpor snail (Lair:3)
  8 cane toads
  2 komodo dragons
  Maggie (D:7)
  4 rime drakes
  A merfolk (Lair:4)
  A polar bear (Lair:1)
  A troll (D:9)
  A hornet (D:8)
  23 blink frogs
  Prince Ribbit (Lair:1)
  7 wyverns
  34 yaks
  Eustachio (D:4)
  A steam dragon (Lair:3)
  5 basilisks
  Menkaure (D:4)
  13 water moccasins
  2 black bears
  2 ice beasts (D:7)
  5 sky beasts
  4 orc warriors
  2 necrophages
  6 wolves
  4 ogres
  6 centaurs
  8 gnoll sergeants (Bailey)
  18 bullfrogs
  2 water moccasin skeletons
  4 scorpions
  3 killer bees (D:9)
  16 wights
  A howler monkey (D:5)
  8 electric eels
  2 centaur zombies
  4 hounds
  A jelly (D:7)
  2 centaur skeletons
  5 orc priests
  6 gnoll shamans (Bailey)
  5 iguanas
  5 orc wizards
  6 hell rats (Lair:4)
  7 worker ants
  2 hound skeletons (D:5)
  2 worker ant zombies
  18 gnolls
  13 adders
  A shadow imp (D:7)
  4 white imps
  2 oozes
  2 adder zombies
  5 adder skeletons
  3 worms (D:3)
  A dart slug (D:3)
  10 leopard geckos
  34 orcs
  9 giant cockroaches
  6 goblins
  5 hobgoblins
  10 jackals
  4 quokkas
  6 bats
  3 frilled lizards
  A giant cockroach zombie (D:5)
  10 kobolds
  15 rats
438 creatures vanquished.

Vanquished Creatures (others)
  30 fungi
  50 plants
80 creatures vanquished.

Grand Total: 518 creatures vanquished

Notes
Turn   | Place    | Note
-------+----------+-------------------------------------------
     0 | D:1      | shakesphere1979 the Troll Monk began the quest for the Orb.
     0 | D:1      | Reached XP level 1. HP: 22/22 MP: 0/0
   158 | D:1      | Reached XP level 2. HP: 29/29 MP: 1/1
   691 | D:2      | Found a faded altar of an unknown god.
   721 | D:2      | Reached XP level 3. HP: 36/36 MP: 2/2
  1478 | D:3      | Reached XP level 4. HP: 45/45 MP: 3/3
  1716 | D:3      | Reached skill level 4 in Unarmed Combat
  1886 | D:3      | Reached XP level 5. HP: 53/53 MP: 4/4
  2166 | D:4      | Found a staircase to the Ecumenical Temple.
  2187 | Temple   | Entered the Ecumenical Temple
  2415 | Temple   | Became a worshipper of Qazlal Stormbringer
  2415 | Temple   | Reached * piety under Qazlal
  2415 | Temple   | Reached ** piety under Qazlal
  2463 | D:4      | Reached XP level 6. HP: 46/62 MP: 5/5
  2660 | D:4      | Noticed Menkaure
  2668 | D:4      | Killed Menkaure
  2832 | D:4      | Noticed Eustachio
  2865 | D:4      | Killed Eustachio
  2866 | D:4      | Reached skill level 5 in Unarmed Combat
  2866 | D:4      | Reached XP level 7. HP: 26/71 MP: 6/6
  3108 | D:5      | Entered Level 5 of the Dungeon
  3441 | D:5      | Reached skill level 5 in Fighting
  3441 | D:5      | Reached skill level 5 in Dodging
  3441 | D:5      | Reached skill level 6 in Unarmed Combat
  3441 | D:5      | Reached XP level 8. HP: 80/80 MP: 7/7
  3986 | D:6      | Reached *** piety under Qazlal
  4109 | D:6      | Reached XP level 9. HP: 57/88 MP: 8/8
  4529 | D:7      | Found a transporter.
  4665 | D:7      | Noticed Harold
  4681 | D:7      | Killed Harold
  4682 | D:7      | Reached skill level 1 in Invocations
  5179 | D:7      | Noticed Maggie
  5184 | D:7      | Killed Maggie
  5492 | D:7      | Noticed tatocazan's ghost (novice OpBr)
  5504 | D:7      | Found a transporter.
  5756 | D:7      | Reached XP level 10. HP: 98/98 MP: 11/11
  5761 | D:7      | Killed tatocazan's ghost
  5762 | D:7      | Reached skill level 7 in Unarmed Combat
  5801 | D:7      | Reached **** piety under Qazlal
  6165 | D:8      | Reached skill level 5 in Armour
  6165 | D:8      | Found a blossoming altar of Fedhas.
  6699 | D:9      | Found a flagged portal.
  6707 | Bailey   | Entered a bailey
  6825 | Bailey   | Reached skill level 8 in Unarmed Combat
  7339 | D:9      | Reached ***** piety under Qazlal
  7354 | D:9      | Reached skill level 5 in Invocations
  7692 | D:9      | Killed an unseen horror
  7693 | D:9      | Reached skill level 9 in Unarmed Combat
  7693 | D:9      | Reached XP level 11. HP: 78/109 MP: 13/13
  8064 | D:10     | Entered Level 10 of the Dungeon
  8080 | D:10     | Noticed a brown ugly thing
  8113 | D:9      | Reached skill level 1 in Throwing
  8486 | D:10     | Noticed a six-headed hydra
  8488 | D:10     | Noticed a deep troll
  8488 | D:10     | Noticed an ettin
  8502 | D:10     | Killed an unseen horror
  8503 | D:10     | Reached skill level 1 in Evocations
  8505 | D:10     | Noticed Nergalle
  8528 | D:10     | Killed Nergalle
  8536 | D:10     | Found a transporter.
  8550 | D:10     | Killed a brown ugly thing
  8597 | D:10     | Found a broken altar of Ashenzari.
  8694 | D:10     | Identified the ring "Zotzic" {MP+9 Dex+2 Slay+4}
  9098 | D:10     | Found the +0 mask of the Dragon {Will+ Slay+3 SInv}
  9098 | D:10     | Found a transporter.
  9360 | D:10     | Found a staircase to the Lair.
  9671 | Lair:1   | Entered Level 1 of the Lair of Beasts
  9696 | Lair:1   | Reached skill level 5 in Throwing
 10238 | Lair:1   | Reached skill level 5 in Evocations
 10238 | Lair:1   | Reached XP level 12. HP: 112/119 MP: 14/14
 10364 | Lair:1   | Noticed Prince Ribbit
 10406 | Lair:1   | Killed Prince Ribbit
 11076 | Lair:2   | Noticed an eight-headed hydra
 11090 | Lair:2   | Killed an eight-headed hydra
 11650 | Lair:2   | Reached ****** piety under Qazlal
 12953 | Lair:3   | Found a staircase to the Snake Pit.
 13807 | Lair:4   | Noticed a five-headed hydra
 13821 | Lair:4   | Killed a five-headed hydra
 13822 | Lair:4   | Reached skill level 10 in Unarmed Combat
 13991 | Lair:4   | Reached XP level 13. HP: 54/131 MP: 17/17
 14337 | Lair:4   | Found a staircase to the Shoals.
 15367 | Lair:5   | Got a coiled lapis lazuli ring
 15750 | Lair:5   | Noticed FalseProphet's ghost (journeyman MiFi)
 15927 | Lair:5   | Found a transporter.
 15936 | Lair:5   | Found a transporter.
 16245 | Lair:5   | Identified the ring "Ihum Cor" {*Slow rElec rN+ Will+
                  | Stlth+} (You found it on level 5 of the Lair of Beasts)
 16281 | Lair:6   | Entered Level 6 of the Lair of Beasts
 16289 | Lair:6   | Reached skill level 11 in Unarmed Combat
 16305 | Lair:6   | HP: 1/132 [cane toad (13)]
 16306 | Lair:6   | Succumbed to a cane toad's poison

Illustrated notes

Levels and vault maps discovered:
D:1:      lemuel_arrival_broad_hall, layout_basic, grunt_decor_one_mirror
D:2:      kennysheep_big_flooded_room, layout_loops_ring,
          chequers_ecumenical_altar_simple_redux, minivault_4
D:3:      layout_loops_ring
D:4:      layout_basic, minmay_temple_entry_junction, uniq_eustachio,
          uniq_menkaure
D:5:      layout_rooms, corexii_shack, amcnicky_mini_pool_medium
D:6:      layout_rooms, minivault_24, minmay_manual_moon
D:7:      kennysheep_spiral_hall, layout_layer_cave, nzn_ghost_randoct,
          uniq_harold, uniq_maggie
D:8:      layout_loops_ring, fedhas_altar_1, serial_glass, glass_columns_b,
          glass_columns_b, glass_columns_b
D:9:      layout_irregular_city, enter_bailey_2
D:10:     gammafunk_sealed_arena, layout_basic, minmay_lair_entry_grove,
          basic_altar, fungi_pond_lemuel, minivault_21,
          hangedman_decor_clover_reticule, dk_noncrumbling_3, uniq_nergalle
Temple:   minmay_crystal_snake_temple
Lair:1:   layout_roguey, infiniplex_staircase_pool, uniq_prince_ribbit2
Lair:2:   layout_cave_pods, hibernation_bobbens, serial_bayou_shore_a,
          grunt_megastairs_1
Lair:3:   layout_regular_city, dummy_snake_entry, grunt_megastairs_2
Lair:4:   layout_cave_pods, elwin_shoals_entry_rooms,
          chequers_serial_rivers_micro_c, minivault_26, beast_lair_carwin_6
Lair:5:   layout_long_grid, nzn_ghost_randoct, serial_bayou_crossing,
          grunt_megastairs_4
Lair:6:   wormcave, layout_regular_city, guppyfry_lair_end_dragon,
          minmay_slime_entry_jelly_boxes, worms_lemuel

Skill      XL: |  1  2  3  4  5  6  7  8  9 10 11 12 13 |
---------------+----------------------------------------+-----
Dodging        | 3 4 5 8 9 |  9.0
Fighting       | 3 4 5 7 8 9 |  9.7
Unarmed Combat | 4 5 6 9 10 11 | 11.0
Armour         | 3 5 |  5.0
Invocations    | 2 5 6 7 |  7.9
Throwing       | 6 7 |  7.0
Evocations     | 5 6 7 |  7.2
Stealth        | |  1.0

Action                   |  1- 3 |  4- 6 |  7- 9 | 10-12 | 13-15 || total
-------------------------+-------+-------+-------+-------+-------++-------
Melee: Unarmed           |   103 |   129 |       |       |       ||   232
       Punch             |     1 |     7 |     7 |    53 |    15 ||    83
       Rapier            |       |       |   241 |   705 |   189 ||  1135
Evoke: Wand              |       |       |       |     8 |     5 ||    13
  Use: Scroll            |       |     3 |       |    24 |       ||    27
 Stab: Sleeping          |     3 |     2 |       |       |       ||     5
       Petrified         |       |       |       |       |     5 ||     5
Armor: Robe              |    46 |    22 |    39 |       |       ||   107
       Swamp dragon scal |       |       |    12 |   261 |   134 ||   407
Dodge: Dodged            |    65 |    71 |   158 |   576 |   176 ||  1046
       Repelled          |       |       |       |     5 |     4 ||     9
Block: Other             |       |     3 |    31 |   270 |   105 ||   409

Table legend: (Time is in decaauts)
 A = Elapsed time spent in this place.
 B = Non-inter-level travel time spent in this place.
 C = Inter-level travel time spent in this place.
 D = Time resting spent in this place.
 E = Time spent auto-exploring this place.
 F = Levels seen in this place.
 G = Mean time per level.
                   A        B        C        D        E       F      G
               +--------+--------+--------+--------+--------+-----+--------+
         Total |  16594 |  16327 |    267 |   2470 |   9461 |  18 |  921.9 |
       Dungeon |   8993 |   8842 |    151 |    698 |   5576 |  10 |  899.3 |
        Temple |    258 |    228 |     30 |      0 |    166 |   1 |  258.0 |
          Lair |   6776 |   6690 |     86 |   1669 |   3540 |   6 | 1129.3 |
        Bailey |    566 |    566 |      0 |    103 |    178 |   1 |  566.0 |
               +--------+--------+--------+--------+--------+-----+--------+

Top non-repeatable levels by time:
  Lair:4: 1655 daAuts
  Lair:2: 1639 daAuts
     D:7: 1557 daAuts
  Lair:1: 1296 daAuts
    D:10: 1277 daAuts
     D:9: 1212 daAuts
  Lair:5: 1167 daAuts
  Lair:3: 990 daAuts
     D:8: 799 daAuts
     D:4: 792 daAuts
     D:6: 788 daAuts
     D:2: 690 daAuts
     D:1: 687 daAuts
     D:3: 661 daAuts
  Bailey: 566 daAuts
